 Dungeon Crawl Stone Soup version 0.19.1-1-g22dce08 (webtiles) character file.

899 godfroggy the Insei (level 7, -11/48 HPs)
             Began as a Demonspawn Transmuter on Jan 9, 2017.
             Was a Follower of Kikubaaqudgha.
             Mangled by an orc warrior
             ... wielding a +0 battleaxe
              (18 damage)
             ... on level 5 of the Dungeon.
             The game lasted 00:19:33 (3820 turns).

godfroggy the Insei (Demonspawn Transmuter)         Turns: 3820, Time: 00:19:34

Health: -11/48     AC:  9    Str: 11    XL:     7   Next: 79%
Magic:  10/10      EV: 12    Int: 15    God:    Kikubaaqudgha [*.....]
Gold:   191        SH:  0    Dex: 14    Spells: 3 memorised, 5 levels left

rFire  . . .     SeeInvis .       - Unarmed
rCold  . . .     Gourm    .     b - +1 robe
rNeg   . . .     Faith    .     (no shield)
rPois  .         Spirit   .     (no helmet)
rElec  .         Reflect  .     l - +2 cloak
rCorr  .         Harm     .     i - +0 pair of gloves
MR     .....                    (no boots)
Stlth  +.........               e - amulet of regeneration
                                (no ring)
                                (no ring)

@: no status effects
A: talons 1, slimy green scales 1, demonic guardian 1
a: Receive Corpses, Renounce Religion


You were on level 5 of the Dungeon.
You worshipped Kikubaaqudgha.
Kikubaaqudgha was aware of your devotion.
You were hungry.

You visited 1 branch of the dungeon, and saw 5 of its levels.

You collected 191 gold pieces.

Inventory:

Missiles
 a - 90 arrows
Armour
 b - a +1 robe (worn)
 i - a +0 pair of gloves (worn)
 l - a +2 cloak (worn)
 y - a -2 robe
Jewellery
 e - an amulet of regeneration (around neck)
Scrolls
 j - 4 scrolls of identify
 n - 2 scrolls of recharging {unknown}
 p - a scroll of remove curse
 u - a scroll of noise {unknown}
Potions
 g - 2 potions of berserk rage {unknown}
 h - a potion of might {unknown}
 k - 2 potions of heal wounds {unknown}
 o - a potion of flight {unknown}
 r - a potion of brilliance {unknown}
 v - a potion of curing {unknown}
 x - 2 potions of agility {unknown}
 z - 2 potions of degeneration
Books
 c - a book of Changes

   Spells                             Type                      Level
   a - Beastly Appendage              Transmutation                1
   b - Sticks to Snakes               Transmutation                2
   c - Spider Form                    Transmutation/Poison         3
   d - Ice Form                       Ice/Transmutation            4
   e - Blade Hands                    Transmutation                5
 s - a book of Necromancy

   Spells                             Type                      Level
   a - Pain                           Necromancy                   1
   b - Animate Skeleton               Necromancy                   1
   c - Vampiric Draining              Necromancy                   3
   d - Regeneration                   Charms/Necromancy            3
   e - Animate Dead                   Necromancy                   4
   f - Control Undead                 Necromancy                   4
 w - Kikubaaqudgha's Papyrus of Dark Rituals
   (Kikubaaqudgha gifted it to you on level 3 of the Dungeon)

   Spells                             Type                      Level
   a - Animate Skeleton               Necromancy                   1
   b - Corpse Rot                     Necromancy                   2
   c - Sublimation of Blood           Necromancy                   2
   d - Regeneration                   Charms/Necromancy            3
   e - Control Undead                 Necromancy                   4
Comestibles
 d - 4 bread rations
 f - a slice of pizza
 m - 5 meat rations
 t - a beef jerky


   Skills:
 - Level 1.0 Fighting
 - Level 1.7 Dodging
 * Level 7.3 Unarmed Combat
 - Level 2.0 Spellcasting
 + Level 3.5 Necromancy
 + Level 3.5 Transmutations


You had 5 spell levels left.
You knew the following spells:

 Your Spells              Type           Power        Failure   Level  Hunger
a - Beastly Appendage     Tmut           ##....       6%          1    #......
b - Spider Form           Tmut/Pois      #.........   34%         3    ###....
c - Animate Skeleton      Necr           N/A          6%          1    #......


Dungeon Overview and Level Annotations

Branches:
Dungeon (5/15)
 Temple: D:4-7

Altars:
Elyvilon
Hepliaklqana
Kikubaaqudgha
Makhleb
Nemelex Xobeh
Uskayaw


Innate Abilities, Weirdness & Mutations

You have sharp toenails.
You are partially covered in slimy green scales. (AC +2)
A weak demonic guardian rushes to your aid.


Message History

You claw the orc warrior, but do no damage.
The orc warrior is heavily wounded.
All of the chunks of flesh in your inventory have rotted away.
You hit the orc warrior but do no damage.
Your kick misses the orc warrior.
The orc warrior is heavily wounded.
The orc warrior barely misses you.
You closely miss the orc warrior.
You claw the orc warrior, but do no damage.
The orc warrior is heavily wounded.
The orc warrior barely misses you.
You hit the orc warrior. Your kick misses the orc warrior.
The orc warrior is heavily wounded.
The hound pauses to sniff the ground.
You hit the orc warrior but do no damage.
The orc warrior is heavily wounded.
The orc barely misses you.
The orc warrior hits you with a battleaxe!!
You die...
Kikubaaqudgha rasps: "You have failed me!
Welcome... death!"

.......#...## #.#
#####. #......# #.#
#. #####.#...## #.#
#.
#........#########.#
#.
...###.#..).%.......#
#. #.##.###########
## .. #.# ###
#.##########
#...5o@oh..#
#..#######.# #..# #.#
##.###..##### #.#
........>....###.#
###.###..........#
##...##o#.####
#......###.. ##..o.##
#...


You could see an orc warrior, a hound, an orc and a friendly iron imp.

Vanquished Creatures
  Sigmund (D:2)
  An ogre (D:5)
  A crimson imp (D:5)
  3 orc priests (D:4)
  Crazy Yiuf (D:2)
  3 orc wizards (D:4)
  Ijyb (D:2)
  An iguana (D:5)
  2 worker ants
  3 gnolls (D:5)
  5 adders
  2 oozes
  2 worms
  3 dart slugs
  10 orcs
  2 giant cockroaches
  6 goblins
  10 hobgoblins
  4 jackals (D:3)
  A quokka (D:2)
  A ball python (D:2)
  9 bats
  4 frilled lizards
  4 kobolds
  A leopard gecko zombie (D:5)
  7 rats
88 creatures vanquished.

Vanquished Creatures (collateral kills)
  Menkaure (D:4)
  2 ogres (D:5)
  An orc priest (D:4)
  2 orcs (D:4)
6 creatures vanquished.

Vanquished Creatures (others)
  A quokka (D:2)
1 creature vanquished.

Grand Total: 95 creatures vanquished

Notes
Turn   | Place    | Note
-------+----------+-------------------------------------------
     0 | D:1      | godfroggy the Demonspawn Transmuter began the quest for the Orb.
     0 | D:1      | Reached XP level 1. HP: 15/15 MP: 3/3
   322 | D:1      | Reached skill level 3 in Unarmed Combat
   488 | D:1      | Gained mutation: You are partially covered in slimy green scales. (AC +2) [demonic ancestry]
   488 | D:1      | Reached XP level 2. HP: 20/21 MP: 3/5
  1114 | D:2      | Noticed Ijyb
  1136 | D:2      | Found an ancient bone altar of Kikubaaqudgha.
  1157 | D:2      | Became a worshipper of Kikubaaqudgha
  1172 | D:2      | Noticed Sigmund
  1202 | D:2      | Killed Ijyb
  1221 | D:2      | Killed Sigmund
  1221 | D:2      | Reached skill level 5 in Unarmed Combat
  1221 | D:2      | Gained mutation: You have sharp toenails. [demonic ancestry]
  1221 | D:2      | Reached XP level 3. HP: 19/26 MP: 6/6
  1221 | D:2      | Gained mutation: A weak demonic guardian rushes to your aid. [demonic ancestry]
  1221 | D:2      | Reached XP level 4. HP: 23/32 MP: 7/7
  1221 | D:2      | Reached XP level 5. HP: 27/37 MP: 8/8
  1279 | D:2      | Found a burning altar of Makhleb.
  1343 | D:2      | Found a white marble altar of Elyvilon.
  1430 | D:2      | Found a hide-covered altar of Uskayaw.
  1602 | D:2      | Found a runed door.
  1606 | D:2      | Noticed Crazy Yiuf
  1614 | D:2      | Killed Crazy Yiuf
  1873 | D:3      | Found a sparkling altar of Nemelex Xobeh.
  2018 | D:3      | Found a faded altar of an unknown god.
  2018 | D:3      | Found a faded altar of an unknown god.
  2023 | D:3      | Found a faded altar of an unknown god.
  2025 | D:3      | Reached XP level 6. HP: 43/43 MP: 9/9
  2026 | D:3      | Found a faded altar of an unknown god.
  2028 | D:3      | Found a hazy altar of Hepliaklqana.
  2093 | D:3      | Reached skill level 6 in Unarmed Combat
  2106 | D:3      | Reached * piety under Kikubaaqudgha
  2106 | D:3      | Identified Kikubaaqudgha's Papyrus of Dark Rituals (Kikubaaqudgha gifted it to you on level 3 of the Dungeon)
  2106 | D:3      | Received a gift from Kikubaaqudgha
  2314 | D:4      | Reached skill level 1 in Necromancy
  2355 | D:4      | Learned a level 3 spell: Spider Form
  2357 | D:4      | Learned a level 1 spell: Animate Skeleton
  2806 | D:4      | Noticed Menkaure
  2895 | D:4      | Killed Menkaure
  2895 | D:4      | Reached XP level 7. HP: 48/48 MP: 4/10
  3357 | D:5      | Entered Level 5 of the Dungeon
  3568 | D:5      | Reached skill level 7 in Unarmed Combat
  3820 | D:5      | Mangled by an orc warrior

Skill      XL: |  1  2  3  4  5  6  7 |
---------------+----------------------+-----
Unarmed Combat | 3 5 6 7 |  7.3
Transmutations | 2 3 |  3.5
Necromancy     | 2 3 |  3.5
Fighting       | |  1.0
Dodging        | |  1.7
Spellcasting   | |  2.0

Action                   |  1- 3 |  4- 6 |  7- 9 || total
-------------------------+-------+-------+-------++-------
Melee: Unarmed           |    73 |   180 |    85 ||   338
       Kick              |     6 |    41 |    19 ||    66
       Punch             |     1 |    11 |     5 ||    17
       Headbutt          |       |     7 |     9 ||    16
 Cast: Beastly Appendage |     7 |     6 |     4 ||    17
       Animate Skeleton  |       |     3 |     3 ||     6
Invok: Receive Corpses   |       |     1 |     1 ||     2
  Use: Scroll            |       |     7 |       ||     7
 Stab: Sleeping          |     1 |     1 |       ||     2
  Eat: Chunk             |       |     6 |     4 ||    10
Armor: Robe              |    19 |    45 |    25 ||    89
Dodge: Dodged            |    36 |    96 |    34 ||   166
